caesar, neutral male human Barbarian .-- ....| ...).--. .......|.| ..........| ...-..--...| .....%.|---.| -...|.-- |.| ....-------.-- ..hG@aa..<... ----------..- |.. caesar the Bandit Experience level: 6 Strength: 18/01 Dexterity: 17 Constitution: 18 Intelligence: 8 Wisdom: 7 Charisma: 6 Health: 0(66) Energy: 14(14) Def: 3 Gold: 635 Moves: 2480 Dungeon seed: 9ZkKx8dcQ9KnwsDX Game ID: caesar_1573589071 Your Inventory: Coins $ - 635 gold pieces Weapons a - a +0 battle-axe (weapon in hands) b - a +0 short sword (alternate weapon; not wielded) Armor e - an uncursed +0 ring mail (being worn) n - an uncursed +0 orcish helm r - an uncursed +0 elven mithril-coat y - an uncursed +0 pair of iron shoes z - an uncursed +0 dwarvish cloak B - an uncursed +0 dwarvish iron helm C - an uncursed +0 pair of iron shoes N - an uncursed +0 pair of iron shoes Y - a blessed +0 dwarvish cloak Comestibles c - 5 uncursed food rations q - an uncursed tin of lichen D - an uncursed fortune cookie Scrolls g - a cursed scroll of identify l - an uncursed scroll of magic mapping s - 3 uncursed scrolls of blank paper u - an uncursed scroll of scare monster w - an uncursed scroll of confuse monster x - a blessed scroll of teleportation Potions f - an uncursed potion of gain level j - a cursed potion of paralysis m - an uncursed potion of paralysis p - an uncursed potion of oil F - a blessed potion of see invisible H - an uncursed potion of full healing Rings h - an uncursed ring of free action Wands t - a wand of striking (0:5) E - a wand of undead turning (0:4) Tools k - an uncursed lock pick o - an uncursed leash v - 6 uncursed tallow candles (0:200) A - a +0 pick-axe G - an uncursed partly used tallow candle (lit) (0:134) Spells and supernatural/magical abilities: Name Level Category Fail Memory W - pray for help -- divine ? -- Your skills at the end: Fighting Skills bare handed combat [Basic] Weapon Skills axe [Basic] short sword [Basic] Spellcasting Skills Final Attributes: You were piously aligned. You were poison resistant. You were lucky. You are dead. Vanquished creatures: a shrieker 2 gnome lords a gnomish wizard a red naga hatchling a paper golem a kitten 4 dwarves a homunculus a rothe a rabid rat a wererat an iguana an acid blob a hobbit 6 giant rats a brown mold 16 gnomes 7 garter snakes 3 geckos 7 jackals a fox 3 goblins 5 sewer rats 4 grid bugs a bat 4 lichens a kobold zombie 2 newts 79 creatures vanquished. Voluntary challenges: You were an atheist. You used a wielded weapon 88 times, starting on turn 131. You read items or engraved 2 times, starting on turn 1597. You never genocided any monsters. You never polymorphed an object. You never changed form. You used no wishes. You never split a pudding. You wrote Elbereth's name 1 time, starting on turn 1597. You never violated your personal moral code. Dungeon overview: The Dungeons of Doom: levels 1 to 6 Level 1 a fountain, a sink a long staircase Level 2 a fountain Level 3 a sink Level 4 an armor shop, a fountain stairs to The Gnomish Mines Level 5 a fountain Level 6 The Gnomish Mines: levels 5 to 7 Level 5 stairs to The Dungeons of Doom Level 6 Level 7 <- You were here History has recorded: On T:1 you entered the Dungeons of Doom to retrieve the Amulet of Yendor! On T:112 you reached level 2 of The Dungeons of Doom. On T:416 you reached level 3 of The Dungeons of Doom. On T:561 you advanced to experience level 2. On T:920 you reached level 4 of The Dungeons of Doom. On T:998 you advanced to experience level 3. On T:1202 you reached level 5 of The Dungeons of Doom. On T:1226 you reached level 1 of The Gnomish Mines. On T:1330 you advanced to experience level 4. On T:1618 you reached level 6 of The Dungeons of Doom. On T:2091 you advanced to experience level 5. On T:2100 you reached level 2 of The Gnomish Mines. On T:2262 you advanced to experience level 6. On T:2411 you reached level 3 of The Gnomish Mines. Score breakdown: Gold: 635 ( 9536 points) Experience: 6 levels (12456 points) Exploration: 7 levels ( 13.73%) (10392 points) Discoveries: 3 items ( 1.22%) ( 3312 points) Valuables value: (no points given unless you survive) Artifact value: 0 ( 0 points) Variety of kills: 28 monsters ( 7.35%) ( 8132 points) Turncount: 2480 turns ( -318 points) Survival: died (score multiplied by 80%) Total score: 34808 Latest messages: The gnome lord hits! You smite the gnome lord! The gnome lord hits! You kill the gnome lord! You kill the gnome! You have a little trouble lifting H - a fizzy potion. The flagon crashes on your head and breaks into shards. Something seems to be holding you. You are hit by a dagger. The gnome wields a dagger! The gnome thrusts her dagger. The gnome hits! You can move again. The gnome thrusts her dagger. The gnome hits! You see here a dagger. The gnome picks up a dagger. The killer bee stings! The killer bee's sting was poisoned, but doesn't affect you. You miss the killer bee. The killer bee stings! You die... Final status: Goodbye caesar the Barbarian, killed by a killer bee... You died in The Gnomish Mines on dungeon level 7 with 34808 points, and 635 pieces of gold, after 2480 moves. You were level 6 with a maximum of 66 hit points when you died.